woodfighter, neutral female human Healer ---------------- ----- |..>...........| |.}}| |..............| |}{$| |..............| .}}.| -----.---------- |..;| ############################## -@- # # # f # ### # ### # --.-- # # # # |.<..## ------ # ### # |.`.| |....| # # # |...| |.....#######----.--- --.-------.--- |...| |....| #.......+## ##-............| |...| |.....#######|......| # # |............| ----- ------ |.......######.............| -------- -------------- woodfighter the Empiric Experience level: 5 Strength: 25 Dexterity: 12 Constitution: 17 Intelligence: 9 Wisdom: 15 Charisma: 17 Health: 0(40) Energy: 32(32) Def: 2 Gold: 2193 Moves: 2855 Dungeon seed: qi3roXZXjeU76CJI Game ID: woodfighter_1502300847 Your Inventory: Coins $ - 2193 gold pieces Weapons a - a +0 scalpel (weapon in hand) I - 53 +0 darts (in quiver) Armor e - an uncursed +1 pair of leather gloves q - an uncursed +0 orcish helm (being worn) y - a cursed -1 pair of levitation boots z - an uncursed +0 pair of gauntlets of power (being worn) Comestibles j - 6 blessed eucalyptus leaves k - 2 blessed sprigs of wolfsbane m - an uncursed apple Scrolls o - a blessed scroll of teleportation t - 4 uncursed scrolls of identify v - an uncursed scroll of enchant armor x - 2 uncursed scrolls of enchant weapon D - 2 blessed scrolls of identify F - a cursed scroll of enchant armor N - an uncursed scroll of scare monster V - a blessed scroll of light Spellbooks g - a blessed spellbook of healing h - a blessed spellbook of extra healing i - a blessed spellbook of stone to flesh M - an uncursed spellbook of knock Potions c - 4 uncursed potions of healing d - 4 uncursed potions of extra healing r - an uncursed potion of fruit juice O - a cursed potion of extra healing Q - 3 uncursed potions of hallucination W - an uncursed potion of object detection X - an uncursed potion of water Wands f - a wand of sleep (0:8) n - a cursed wand of nothing (0:5) s - a wand of slow monster (0:7) Tools b - an uncursed stethoscope L - an uncursed leash (in use) Spells and supernatural/magical abilities: Name Level Category Fail Memory h - healing 1 healing 64% 86% x - extra healing 3 healing 78% 86% S - stone to flesh 3 healing 91% 86% W - pray for help -- divine ? -- Your skills at the end: Miscellaneous Skills wands [Basic] Weapon Skills knife [Basic] Spellcasting Skills healing spells [Basic] Final Attributes: You were devoutly aligned. You were cold resistant. You were poison resistant. You were telepathic. You were stealthy. You were lucky. You are dead. Vanquished creatures: a large mimic a wood nymph a floating eye a homunculus 3 iguanas 3 jitterbugs a wererat a large kobold a gecko a hobgoblin a giant rat 2 cave spiders a brown mold a red mold 3 manes 2 gnome zombies 8 jackals a fox 6 newts a goblin 4 sewer rats 7 grid bugs 3 lichens a kobold zombie 55 creatures vanquished. Voluntary challenges: You did not adorn yourself with jewelry or accessories. You did not cause conflict. You were not invisible. You did not have reflection. You were not displaced. You used a wielded weapon 89 times, starting on turn 197. You did not use containers. You did not apply a unicorn horn. You did not use plumbed fixtures. You did not drink any magical draughts. You were illiterate. You never genocided any monsters. You never polymorphed an object. You never changed form. You used no wishes. You never split a pudding. You never wrote Elbereth's name. You never violated your personal moral code. Dungeon overview: The Dungeons of Doom: levels 1 to 8 Level 1 (vault) a fountain a long staircase Level 2 a scroll shop Level 3 an armor shop, an altar to Athena Level 4 a fountain stairs to The Gnomish Mines Level 5 some fountains Level 6 many fountains Level 7 <- You were here a fountain Level 8 The Gnomish Mines: Level 5 stairs to The Dungeons of Doom History has recorded: On T:1 you entered the Dungeons of Doom to retrieve the Amulet of Yendor! On T:95 you reached level 2 of The Dungeons of Doom. On T:540 you reached level 3 of The Dungeons of Doom. On T:641 you advanced to experience level 2. On T:770 you advanced to experience level 3. On T:925 you advanced to experience level 4. On T:1297 you reached level 4 of The Dungeons of Doom. On T:1646 you reached level 1 of The Gnomish Mines. On T:1696 you reached level 5 of The Dungeons of Doom. On T:1974 you reached level 6 of The Dungeons of Doom. On T:2238 you advanced to experience level 5. On T:2319 you reached level 7 of The Dungeons of Doom. On T:2570 you prayed to Hermes. On T:2742 you reached level 8 of The Dungeons of Doom. Score breakdown: Gold: 198 ( 19 points) Experience: 5 levels ( 400 points) Exploration: 8 levels ( 210 points) Discoveries: 16 items ( 800 points) Variety of kills: 24 monsters ( 1200 points) Major goal: (nothing yet) ( 0 points) Survival: died (score multiplied by 3) Total score: 7887 Latest messages: $ - 29 gold pieces. $ - 33 gold pieces. X - a clear potion. You see here a large box. You can't go down here. You displace kitty. You kill the brown mold! You see here a brown mold corpse. This brown mold corpse tastes terrible! You finish eating the brown mold corpse. You feel full of hot air. You displace kitty. The door opens. (2x) You stop exploring. The iguana bites! You slash the iguana! The iguana is moderately wounded. You feel more confident in your weapon skills. You kill the iguana! The piranha bites! (2x) You slash the piranha! The piranha is moderately wounded. The piranha bites! (2x) You stop. Kitty is in the way! The piranha bites! (2x) You die... Final status: Goodbye woodfighter the Healer, killed by a piranha... You died in The Dungeons of Doom on dungeon level 7 with 7887 points, and 2193 pieces of gold, after 2855 moves. You were level 5 with a maximum of 40 hit points when you died.